Map: 2000 Atmospheres LE

Players

TradeMarc (uThermal)

  • Race: Terran Terran
  • League: Grandmaster

HeroMarine - Winner!

  • Race: Terran Terran
  • League: Master

Event: DreamHack SC2 Masters Last Chance 2022

VOD

Have the link to the VOD?

Description

Time

  • Played on: Dec. 17, 2021, 1:54 p.m.
  • Length: 9:44

All games in this series

Show
View Real Time Build Order
Export as new Build Order

TradeMarc Terran 

Build Orders: Gas First Reaper Expand 

Get SALT Encoding   

  12  0:00  SCV  
  13  0:12  SCV  
  14  0:17  Supply Depot  
  14  0:24  SCV  
  15  0:29  Refinery  
  15  0:38  SCV  
  16  0:44  Barracks  
  16  0:50  SCV  
  17  1:02  SCV  
  18  1:14  SCV  
  19  1:30  Reaper  
  19  1:31  Orbital Command  
  20  1:42  Command Center  
  20  1:53  Factory  
  20  1:56  SCV  
  21  2:06  Barracks Reactor  
  21  2:08  SCV  
  21  2:12  Supply Depot  
  22  2:15  Refinery  
  22  2:21  SCV  
  23  2:33  SCV  
  24  2:43  Starport  
  24  2:45  Hellion x2  
  24  2:46  SCV  
  29  2:53  Orbital Command  
  28  2:58  SCV  
  29  3:06  Hellion x2  
  29  3:10  SCV  
  34  3:19  SCV, Refinery  
  35  3:24  Fusion Core  
  35  3:25  Starport Tech Lab  
  35  3:30  SCV  
  36  3:35  SCV  
  36  3:38  Marine x2  
  39  3:42  Supply Depot, SCV  
  39  3:47  SCV  
  41  3:54  SCV  
  42  3:59  SCV  
  43  4:05  Supply Depot  
  43  4:07  SCV  
  44  4:13  Factory Tech Lab, Battlecruiser  
  44  4:14  SCV  
  51  4:19  SCV, Marine x2  
  51  4:23  Supply Depot  
  54  4:27  SCV  
  55  4:31  SCV  
  55  4:33  Siege Tank  
  55  4:38  Supply Depot  
  59  4:39  Marine x2  
  59  4:40  SCV  
  59  4:45  SCV  
  63  4:53  SCV  
  63  4:57  SCV, Command Center  
  63  4:59  Marine  
  66  5:00  Marine  
  66  5:05  Supply Depot  
  66  5:06  SCV  
  68  5:09  SCV  
  68  5:10  Siege Tank  
  72  5:23  SCV  
  72  5:24  Starport Reactor  
  72  5:25  Barracks  
  72  5:26  SCV, Barracks  
  74  5:29  Stimpack, Marine  
  74  5:35  SCV  
  76  5:38  SCV  
  77  5:43  Siege Tank  
  77  5:44  Engineering Bay  
  77  5:45  Engineering Bay  
  77  5:47  Marine  
  77  5:49  SCV  
  81  5:51  SCV  
  81  5:53  Refinery  
  82  6:01  SCV  
  82  6:03  SCV  
  84  6:05  Marine  
  84  6:11  Starport Reactor  
  85  6:13  Terran Infantry Weapons Level 1, SCV, Terran Infantry Armor Level 1  
  85  6:15  SCV, Siege Tank  
  85  6:18  Marine x2  
  92  6:23  Marine  
  93  6:25  Supply Depot, SCV  
  93  6:26  Marine  
  93  6:30  Marine  
  93  6:31  SCV  
  91  6:35  Marine, Barracks  
  91  6:36  Barracks  
  91  6:37  Orbital Command  
  91  6:39  SCV, Marine  
  94  6:41  Marine  
  94  6:46  SCV  
  95  6:47  Siege Tank, Marine  
  95  6:52  Medivac x2  
  101  6:55  Marine x2  
  101  6:57  SCV  
  101  6:59  Supply Depot  
  104  7:02  SCV  
  104  7:04  SCV  
  104  7:05  Marine x2  
  104  7:07  Supply Depot  
  108  7:10  Marine  
  108  7:11  Armory  
  109  7:20  Supply Depot, SCV, Siege Tank, Marine x2  
  115  7:23  Barracks Reactor x2, Marine x2  
  115  7:28  Medivac x2, SCV, Marine  
  123  7:31  Supply Depot  
  123  7:32  SCV  
  123  7:35  Refinery x2  
  123  7:36  SCV  
  122  7:38  Marine  
  122  7:40  Marine  
  122  7:41  SCV, Marine  
  122  7:43  Marine  
  108  7:46  Marine  
  108  7:47  SCV  
  108  7:49  SCV  
  107  7:55  Siege Tank, Combat Shield  
  107  7:56  SCV, Marine  
  112  7:58  Marine  
  112  7:59  Marine  
  112  8:00  Sensor Tower  
  112  8:01  Marine  
  112  8:02  Marine  
  118  8:07  Marine x2  
  118  8:09  Marine  
  118  8:10  Command Center  
  121  8:13  Supply Depot  
  121  8:17  Marine  
  121  8:19  Marine x3  
  119  8:27  Siege Tank  
  119  8:31  Marine  
  119  8:33  Marine  
  118  8:37  Marine  
  118  8:39  Marine x2  
  118  8:40  Marine x2  
  123  8:41  Marine x2  
  123  8:43  Medivac x2  
  125  8:49  Marine  
  125  8:51  Marine  
  125  8:55  Missile Turret, Marine  
  118  8:56  Missile Turret  
  118  8:57  Missile Turret, Marine x2  
  118  8:59  Siege Tank  
  118  9:00  Marine x2  
  118  9:01  SCV  
  122  9:04  Marine  
  122  9:07  Marine  
  125  9:10  Marine  
  125  9:13  Medivac, Marine  
  125  9:16  Factory, SCV  
  129  9:18  SCV, Marine x2  
  129  9:19  Marine  
  129  9:20  Marine  
  129  9:22  Marine  
  135  9:25  Barracks Reactor  
  135  9:28  Missile Turret  
  135  9:29  SCV x2  
  135  9:30  Missile Turret  
Show
View Real Time Build Order
Export as new Build Order

HeroMarine Terran - Winner!

Build Orders: Reaper Expand 

Get SALT Encoding   

  12  0:00  SCV  
  13  0:12  SCV  
  14  0:17  Supply Depot  
  14  0:24  SCV  
  15  0:38  SCV  
  15  0:39  Barracks  
  16  0:43  Refinery  
  16  0:50  SCV  
  17  1:02  SCV  
  18  1:14  SCV  
  19  1:26  Reaper  
  19  1:27  Orbital Command  
  20  1:40  Command Center  
  20  1:51  Supply Depot  
  20  1:52  SCV  
  21  1:58  Reaper  
  21  2:00  Refinery  
  22  2:04  SCV  
  23  2:16  SCV  
  23  2:20  Factory  
  24  2:28  SCV  
  25  2:32  Barracks Reactor  
  25  2:41  SCV  
  26  2:53  SCV  
  26  2:55  Orbital Command  
  27  3:03  Factory Tech Lab  
  27  3:05  Starport, SCV  
  28  3:07  Refinery  
  28  3:08  Marine x2  
  28  3:12  Bunker  
  30  3:17  SCV  
  31  3:21  Cyclone  
  31  3:22  SCV  
  31  3:26  Marine x2  
  37  3:29  SCV  
  37  3:34  SCV  
  39  3:42  Supply Depot, Starport Tech Lab  
  39  3:44  SCV, Marine x2  
  39  3:46  SCV  
  43  3:53  Siege Tank  
  46  3:59  Supply Depot  
  46  4:03  Marine x2  
  46  4:04  SCV x2, Raven  
  52  4:16  SCV x2  
  52  4:21  Supply Depot, Marine x2  
  54  4:25  Siege Tank  
  54  4:28  SCV x2  
  59  4:38  Command Center  
  59  4:40  SCV x2  
  59  4:45  Marine  
  61  4:46  Marine  
  61  4:47  Raven  
  61  4:52  Supply Depot  
  65  4:53  SCV x2  
  67  5:00  Refinery, Siege Tank  
  70  5:13  Barracks  
  72  5:14  SCV x2  
  72  5:15  Barracks  
  72  5:26  SCV x2  
  74  5:34  Engineering Bay  
  74  5:35  Siege Tank  
  77  5:38  SCV  
  78  5:46  SCV, Viking x2, Marine  
  78  5:47  Stimpack  
  84  5:50  SCV, Orbital Command  
  85  5:58  SCV  
  85  6:00  Barracks x2  
  85  6:01  Missile Turret  
  85  6:03  Missile Turret  
  86  6:06  Barracks Reactor  
  86  6:07  Barracks Reactor  
  86  6:09  Marine  
  89  6:13  Terran Infantry Weapons Level 1  
  89  6:20  Viking  
  89  6:21  Supply Depot  
  89  6:24  Viking  
  91  6:27  Orbital Command  
  91  6:29  Siege Tank  
  91  6:30  SCV x2  
  96  6:33  Marine  
  96  6:37  Supply Depot  
  96  6:38  Supply Depot  
  93  6:42  SCV  
  91  6:49  Barracks Tech Lab x2, Marine  
  91  6:50  Viking  
  91  6:53  SCV  
  91  6:54  SCV, Viking, Marine x2  
  96  6:57  SCV  
  101  7:05  SCV  
  101  7:06  SCV, Siege Tank  
  106  7:14  Supply Depot  
  110  7:16  SCV  
  110  7:17  SCV  
  110  7:18  SCV, Marine x5  
  110  7:20  Barracks Reactor  
  110  7:21  Barracks Reactor  
  114  7:22  Refinery  
  114  7:23  Refinery  
  114  7:27  Medivac x2  
  114  7:28  SCV  
  114  7:29  SCV  
  120  7:32  Supply Depot  
  120  7:33  Supply Depot  
  120  7:35  Marine  
  120  7:36  Marine  
  107  7:37  Marine x2  
  107  7:38  Marine  
  100  7:47  Engineering Bay  
  100  7:49  Combat Shield  
  97  7:52  Siege Tank  
  97  7:53  Marine x2  
  97  7:54  Marine  
  97  7:55  SCV, Marine  
  97  7:56  Marine x2  
  97  7:57  Marine x3  
  110  7:59  Medivac  
  110  8:01  Medivac  
  114  8:09  Armory  
  114  8:11  Marine x2  
  114  8:12  Marine x2  
  116  8:14  Marine x2  
  116  8:15  Marine x2  
  116  8:19  Marine  
  123  8:20  SCV x3  
  122  8:29  Marine x2  
  122  8:30  Marine x2  
  122  8:32  Marine x2  
  122  8:33  Marine x2  
  128  8:37  Marine  
  128  8:41  Medivac x2  
  133  8:42  Siege Tank  
  133  8:47  Marine x2  
  133  8:48  Marine x2  
  135  8:50  Marine x2  
  135  8:51  Marine x2  
  135  8:54  Marine  
  141  8:55  Sensor Tower  
  141  8:59  SCV  
  142  9:04  SCV x2, Marine  
  142  9:05  Marine  
  142  9:06  Marine x2, Armory  
  142  9:07  Marine  
  149  9:16  SCV x2  
  155  9:19  SCV  
  155  9:23  Supply Depot  
  156  9:24  Marine  

Tags
 
Add a new tag
Caveats
  • Supply blocks, unpowered buildings, or Contaminate may cause inaccurate times.
  • Supply counts are checked every 10 seconds.